 Dungeon Crawl Stone Soup version 0.26.0-16-gc1dbca0489 (webtiles) character file.

Game seed: 5798347045935470049

151 thiole the Sneak (level 5, -1/31 HPs)
             Began as an Octopode Hedge Wizard on Jan 19, 2021.
             Slain by an orc wizard
             ... wielding a +0 dagger
              (3 damage)
             ... on level 3 of the Dungeon.
             The game lasted 00:02:42 (3136 turns).

thiole the Sneak (Octopode Hedge Wizard)            Turns: 3136, Time: 00:02:43

Health: -1/31      AC:  1    Str:  9    XL:     5   Next: 33%
Magic:  1/3        EV: 13    Int: 17    God:
Gold:   68         SH:  0    Dex: 12    Spells: 11/12 levels left

rFire    . . .     SeeInvis .   g - +4 mace (antimagic)
rCold    . . .     Faith    .   (no shield)
rNeg     . . .     Spirit   .   b - +0 hat
rPois    .         Reflect  .   (no amulet)
rElec    .         Harm     .   (no ring)
rCorr    .         Rampage  .   (no ring)
Will     .....                  (no ring)
Stlth    ++++......             (no ring)
HPRegen  0.10/turn              (no ring)
MPRegen  0.08/turn              (no ring)
                                (no ring)
                                (no ring)

@: no status effects
A: almost no armour, stealthy swim, amphibious, 8 rings, constrict 8, camouflage
1, gelatinous body 1
a: no special abilities


You were on level 3 of the Dungeon.
You visited 1 branch of the dungeon, and saw 3 of its levels.

You collected 68 gold pieces.

Inventory:

Hand Weapons
 a - a +0 dagger
 g - a +4 antimagic mace (weapon)
 m - a +2 quarterstaff of chaos
Armour
 b - a +0 hat (worn)
Wands
 c - a wand of acid (13)
Scrolls
 e - a scroll of enchant weapon
 j - a scroll of immolation {unknown}
 l - a scroll of teleportation {unknown}
Potions
 d - a potion of invisibility {unknown}
 f - a potion of haste {unknown}
 h - a potion of curing {unknown}
 i - a potion of flight {unknown}
 k - a potion of lignification {unknown}


   Skills:
 - Level 2.0 Dodging
 + Level 5.0 Stealth
 + Level 4.0 Spellcasting
 - Level 2.0 Conjurations
 - Level 2.0 Summonings
 - Level 1.0 Translocations


You had 11 spell levels left.
You knew the following spells:

 Your Spells              Type           Power        Failure   Level
a - Magic Dart            Conj           40%          7%          1

Your spell library contained the following spells:

 Spells                   Type           Power        Failure   Level
 Call Imp                 Summ           10%          11%         2
 Blink                    Tloc           N/A          16%         2
 Slow                     Hex            3%           24%         2
 Conjure Flame            Conj/Fire      6%           30%         3
 Mephitic Cloud           Conj/Pois/Air  5%           34%         3


Dungeon Overview and Level Annotations

Branches:
Dungeon (3/15)

Altars:
Dithmenos


Innate Abilities, Weirdness & Mutations

You cannot wear most types of armour.
You are very stealthy in the water. (Stealth+)
You are amphibious.
You can wear up to eight rings at the same time.
You can use your tentacles to constrict eight enemies at once.
Your skin changes colour to match your surroundings (Stealth+).
Your rubbery body absorbs attacks. (AC +1, EV +1)


Message History

Your grab misses the orc wizard. Your squeeze misses the orc wizard.
The orc wizard closely misses you.
You completely miss the orc wizard. Your grab misses the orc wizard.
The orc wizard gestures at you while chanting.
The puff of flame hits you.
* * * LOW HITPOINT WARNING * * *
The orc wizard hits you with a +0 dagger.
* * * LOW HITPOINT WARNING * * *
You hit the orc wizard.
The orc wizard's magic leaks into the air.
Your grab misses the orc wizard.
The orc wizard is moderately wounded.
The orc wizard barely misses you.
You sock the orc wizard!
The orc wizard's magic leaks into the air.
Your grab misses the orc wizard.
The orc wizard is severely wounded.
The orc wizard falters for a moment.
The orc wizard hits you with a +0 dagger.
You die...

.#######################
....goo@))..†.....#.....
#################.#.....
#.#..... #.#.....
#.#..... #.#.####
#(#.#### #.#.....
#.[.....


You could see an orc wizard, an orc and a goblin.

Vanquished Creatures
  Crazy Yiuf (D:2)
  An orc priest (D:3)
  3 adders (D:2)
  2 worms (D:2)
  3 dart slugs (D:1)
  2 leopard geckos
  An orc (D:3)
  A ball python (D:2)
  5 giant cockroaches
  8 hobgoblins
  8 bats
  3 frilled lizards
  2 goblins (D:2)
  6 kobolds
  6 rats
52 creatures vanquished.

Notes
Turn   | Place    | Note
-------+----------+-------------------------------------------
     0 | D:1      | thiole the Octopode Hedge Wizard began the quest for the
                  | Orb.
     0 | D:1      | Reached XP level 1. HP: 11/11 MP: 4/4
   195 | D:1      | Reached XP level 2. HP: 17/17 MP: 3/6
   402 | D:1      | Reached skill level 3 in Stealth
   822 | D:1      | Reached XP level 3. HP: 21/21 MP: 5/7
  1753 | D:2      | Reached XP level 4. HP: 23/27 MP: 6/9
  2063 | D:2      | Found a shadowy altar of Dithmenos.
  2077 | D:2      | Reached skill level 4 in Stealth
  2846 | D:2      | Found a runed translucent door.
  2847 | D:2      | Noticed Crazy Yiuf
  2985 | D:2      | Killed Crazy Yiuf
  2986 | D:2      | Reached XP level 5. HP: 29/31 MP: 10/10
  3128 | D:3      | Reached skill level 5 in Stealth
  3136 | D:3      | Slain by an orc wizard

Illustrated notes

Levels and vault maps discovered:
D:1:      dpeg_arrival_tiny_d, layout_loops_corners
D:2:      layout_loops_ring, nicolae_dithmenos_through_a_glass_darkly,
          serial_glass, glass_columns_a, glass_columns_b,
          minmay_misc_feat_rugged, guppyfry_early_lair_pool,
          uniq_crazy_yiuf_cottage
D:3:      layout_basic

Skill      XL: |  1  2  3  4  5 |
---------------+----------------+-----
Stealth        | 3 4 5 |  5.0
Conjurations   | 2 |  2.0
Summonings     | 2 |  2.0
Spellcasting   | 4 |  4.0
Dodging        | |  2.0
Translocations | |  1.0

Action                   |  1- 3 |  4- 6 || total
-------------------------+-------+-------++-------
Melee: Dagger            |    34 |    27 ||    61
       Constrict         |    10 |     7 ||    17
       Tentacles         |     6 |     4 ||    10
       Mace              |       |     9 ||     9
 Cast: Magic Dart        |    71 |    41 ||   112
  Use: Scroll            |       |     5 ||     5
Armor: Skin              |     4 |       ||     4
Dodge: Dodged            |    23 |    15 ||    38
